 Dungeon Crawl Stone Soup version 0.27-a0-1181-g5f64966fcc (webtiles) character file.

Game seed: 10963378256102861258

91 tilp the Caller (level 4, -2/37 HPs)
             Began as a Barachi Summoner on May 17, 2021.
             Killed from afar by Natasha (7 damage)
             ... with a magic dart
             ... on level 2 of the Dungeon.
             The game lasted 00:04:28 (1997 turns).

tilp the Caller (Barachi Summoner)                  Turns: 1997, Time: 00:04:29

Health: -2/37      AC:  2    Str: 11    XL:     4   Next: 59%
Magic:  4/8        EV: 12    Int: 15    God:
Gold:   99         SH:  0    Dex: 12    Spells: 2/8 levels left

rFire    . . .     SeeInvis .   a - +0 whip (vamp)
rCold    . . .     Faith    .   (no shield)
rNeg     . . .     Spirit   .   b - +0 robe
rPois    .         Reflect  .   (no helmet)
rElec    .         Harm     .   (no cloak)
rCorr    .         Rampage  .   (no gloves)
Will     .....                  (no boots)
Stlth    ++........             (no amulet)
HPRegen  0.12/turn              (no ring)
MPRegen  0.11/turn              (no ring)

@: slow
A: amphibious, slowness 1, strong legs 1, +LOS
a: Hop


You were on level 2 of the Dungeon.
You visited 1 branch of the dungeon, and saw 2 of its levels.

You collected 99 gold pieces.

Inventory:

Hand Weapons
 a - a +0 vampiric whip (weapon)
Armour
 b - a +0 robe (worn)
Scrolls
 c - 2 scrolls of enchant weapon
 d - a scroll of identify
 e - a scroll of fear {unknown}


   Skills:
 - Level 4.0 Fighting
 - Level 2.1 Dodging
 - Level 1.7 Stealth
 + Level 2.7 Spellcasting
 + Level 5.2 Summonings


You had 2 spell levels left.
You knew the following spells:

 Your Spells              Type           Power      Damage    Failure   Level
a - Summon Small Mammal   Summ           68%        N/A       2%          1
b - Call Imp              Summ           17%        N/A       3%          2
c - Call Canine Familiar  Summ           17%        N/A       7%          3

Your spell library contained the following spells:

 Spells                   Type           Power      Damage    Failure   Level
 Summon Guardian Golem    Hex/Summ       9%         N/A       22%         3
 Summon Ice Beast         Ice/Summ       9%         N/A       56%         4
 Summon Lightning Spire   Summ/Air       9%         N/A       56%         4


Dungeon Overview and Level Annotations

Branches:
Dungeon (2/15)

Altars:

Shops:
D:1 ==

Annotations:
D:2 exclusion: endoplasm, Natasha, Sigmund


Innate Abilities, Weirdness & Mutations

You are amphibious.
You cover ground slowly.
You can hop short distances.
You have an extended range of vision and can be seen from far away.


Message History

The hobgoblin dies!
The shadow imp gestures at you. Pain shoots through your body!
Natasha wildly gestures.
Natasha's front paws start to glow.
The adder closely misses you.
You feel sick. The adder misses you. The shadow imp hits you.
* * * LOW HITPOINT WARNING * * *
Your iron imp hits the adder.
Unknown command.
Unknown command.
You hit the adder.
The adder is severely wounded.
You feel sick. The adder closely misses you.
The white imp closely misses your crimson imp.
The shadow imp hits you.
* * * LOW HITPOINT WARNING * * *
Your crimson imp hits the adder.
Your iron imp hits the adder.
The adder dies!
You hit Natasha but do no damage.
You feel sick.
You are no longer poisoned.
The shadow imp misses you. The white imp gestures at you.
The puff of frost hits your crimson imp!
Your crimson imp is frozen!
Your crimson imp hits the white imp but does no damage.
Natasha claws you.
* * * LOW HITPOINT WARNING * * *
Your iron imp closely misses Natasha.
Unknown command.
You hit Natasha.
You feel better.
Natasha is moderately wounded.
The shadow imp hits you.
* * * LOW HITPOINT WARNING * * *
The white imp hits your crimson imp. The white imp freezes your crimson imp!
Your crimson imp is frozen!
Your crimson imp dies!
Natasha stares at you and mumbles some strange words.
The magic dart hits you!
You die...

#.#
######.........#
#.# ##........#
#######........#
#..............#
#..............#
#......#......##
#......#......#
#.†)...#......#
#@.5...#......#
#5h5...+......#
#......########
........#
......####
........#
.........#
.........#
........##


You could see Natasha, a white imp (summoned), a shadow imp (summoned, ally
target) and a friendly iron imp (summoned).

Vanquished Creatures
  A ball python (D:1)
  3 endoplasms
  4 giant cockroaches
  2 hobgoblins
  2 jackals (D:1)
  2 bats
  3 frilled lizards
  3 goblins
  5 kobolds
  A rat (D:1)
26 creatures vanquished.

Vanquished Creatures (collateral kills)
  Natasha (twice) (D:2)
  3 adders (D:2)
  5 endoplasms (D:1)
  A goblin (D:1)
  A hobgoblin (D:2)
  4 jackals (D:1)
  3 kobolds (D:1)
  A frilled lizard (D:1)
20 creatures vanquished.

Grand Total: 46 creatures vanquished

Notes
Turn   | Place    | Note
-------+----------+-------------------------------------------
     0 | D:1      | tilp the Barachi Summoner began the quest for the Orb.
     0 | D:1      | Reached XP level 1. HP: 13/13 MP: 3/3
   183 | D:1      | Reached skill level 1 in Fighting
   283 | D:1      | Reached XP level 2. HP: 18/22 MP: 5/5
   286 | D:1      | Learned a level 2 spell: Call Imp
   659 | D:1      | Found Xeempopn's Jewellery Shop.
   712 | D:1      | Found Ube Lec's Jewellery Shoppe.
  1051 | D:1      | Reached XP level 3. HP: 15/29 MP: 0/6
  1223 | D:1      | Learned a level 3 spell: Call Canine Familiar
  1250 | D:2      | Noticed Sigmund
  1663 | D:2      | Noticed Natasha
  1678 | D:2      | Killed Natasha
  1679 | D:2      | Reached skill level 5 in Summonings
  1679 | D:2      | Reached XP level 4. HP: 15/37 MP: 1/7
  1686 | D:2      | Noticed Natasha
  1863 | D:2      | Killed Natasha
  1987 | D:2      | Noticed Natasha
  1997 | D:2      | Killed from afar by Natasha

Illustrated notes

Levels and vault maps discovered:
D:1:      ncdulo_watergridlock, layout_basic, serial_shops,
          nicolae_shop_behind_doors, nicolae_shop_crystal
D:2:      layout_basic, minmay_small_reverse_x, uniq_sigmund, uniq_natasha

Skill      XL: |  1  2  3 |
---------------+----------+-----
Fighting       | 1 3 4 |  4.0
Summonings     | 5 |  5.2
Dodging        | |  2.1
Stealth        | |  1.7
Spellcasting   | |  2.7

Action                   |  1- 3 |  4- 6 || total
-------------------------+-------+-------++-------
Melee: Whip              |   127 |    12 ||   139
 Cast: Summon Small Mamm |    15 |       ||    15
       Call Imp          |     9 |     4 ||    13
 Abil: Hop               |     1 |     1 ||     2
  Use: Scroll            |     1 |       ||     1
 Stab: Sleeping          |     3 |       ||     3
       Distracted        |       |     1 ||     1
Armor: Robe              |    27 |     5 ||    32
Dodge: Dodged            |    89 |    20 ||   109

Table legend: (Time is in decaauts)
 A = Elapsed time spent in this place.
 B = Non-inter-level travel time spent in this place.
 C = Inter-level travel time spent in this place.
 D = Time resting spent in this place.
 E = Time spent auto-exploring this place.
 F = Levels seen in this place.
 G = Mean time per level.
                   A        B        C        D        E       F      G
               +--------+--------+--------+--------+--------+-----+--------+
         Total |   2166 |   2068 |     98 |    496 |   1167 |   2 | 1083.0 |
       Dungeon |   2166 |   2068 |     98 |    496 |   1167 |   2 | 1083.0 |
               +--------+--------+--------+--------+--------+-----+--------+

Top non-repeatable levels by time:
     D:1: 1580 daAuts
     D:2: 585 daAuts
